 Dungeon Crawl Stone Soup version 0.26.1-11-gd32895ea62 (webtiles) character file.

Game seed: 17292881457635846762

23901 nomophobia the Cleaver (level 12, -24/145 HPs)
             Began as a Demonspawn Berserker on May 23, 2021.
             Was a High Priest of Trog.
             Killed from afar by a frost giant (47 damage)
             ... with a bolt of cold
             ... on level 15 of the Dungeon.
             The game lasted 01:48:31 (12547 turns).

nomophobia the Cleaver (Demonspawn Berserker)      Turns: 12547, Time: 01:48:32

Health: -24/145    AC: 24    Str: 28    XL:     12   Next: 75%
Magic:  12/12      EV: 11    Int: 10    God:    Trog [*****.]
Gold:   1600       SH:  0    Dex: 12    Spells: 11/11 levels left

rFire    + . .     SeeInvis .   a - +2 hand axe (elec)
rCold    . . .     Faith    .   (no shield)
rNeg     . . .     Spirit   .   c - +0 plate armour
rPois    .         Reflect  .   p - +2 helmet
rElec    .         Harm     .   e - +0 cloak
rCorr    .         Rampage  .   r - +2 pair of gloves
Will     .....                  (boots unavailable)
Stlth    ..........             D - amulet of regeneration
HPRegen  0.74/turn              z - +6 ring of strength
MPRegen  0.13/turn              A - ring of flight

@: berserking, very quick
A: talons 3, repulsion field 1, fire resistance 1, spiny 2
a: Renounce Religion, Evoke Flight, Berserk, Trog's Hand, Brothers in Arms


You were on level 15 of the Dungeon.
You worshipped Trog.
Trog was extremely pleased with you.
You visited 1 branch of the dungeon, and saw 15 of its levels.
You also visited: Ice Cave.

You collected 1662 gold pieces.
You spent 62 gold pieces at shops.

Inventory:

Hand Weapons
 a - a +2 hand axe of electrocution (weapon)
 b - a +2 battleaxe of flaming
Armour
 c - a +0 plate armour (worn)
 e - a +0 cloak (worn)
 p - a +2 helmet (worn)
 r - a +2 pair of gloves (worn)
 x - +0 steam dragon scales
Jewellery
 d - an uncursed ring of magical power
 g - a +6 ring of dexterity {unknown}
 t - an uncursed ring of poison resistance
 u - an uncursed ring of positive energy
 z - a +6 ring of strength (left hand)
 A - a ring of flight (right hand)
 C - an uncursed ring of willpower {unknown}
 D - an amulet of regeneration (around neck)
Wands
 n - a wand of iceblast (7)
Scrolls
 j - a scroll of blinking
 m - 6 scrolls of teleportation
 q - 3 scrolls of fog
 E - a scroll of brand weapon {unknown}
 F - a scroll of remove curse
 G - 4 scrolls of magic mapping
Potions
 f - 2 potions of ambrosia {unknown}
 h - a potion of might
 i - a potion of invisibility {unknown}
 k - 6 potions of curing
 l - 3 potions of mutation {unknown}
 o - 3 potions of flight {unknown}
 s - 2 potions of degeneration {unknown}
 v - a potion of resistance {unknown}
 w - a potion of heal wounds {unknown}
 B - 3 potions of brilliance {unknown}


   Skills:
 + Level 10.2 Fighting
 * Level 12.6 Axes
 * Level 12.5 Armour
 - Level 1.7 Dodging


You had 11 spell levels left.
You didn't know any spells.
Your spell library was empty.

Dungeon Overview and Level Annotations

Branches:
Dungeon (15/15)            Temple (0/1) D:5            Lair (0/6) D:10
    Orc (0/2) D:10         Vaults (0/5) D:13         Depths (0/5) D:15
  IceCv (visited)

Altars:
Ashenzari
Cheibriados
Dithmenos
Elyvilon
Fedhas
Kikubaaqudgha
Nemelex Xobeh
Okawaru
Qazlal
Uskayaw
Zin
The Shining One

Shops:
D:9 [(   D:10 *   D:11 (   D:13 *   D:14 =[:*   D:15 }


Innate Abilities, Weirdness & Mutations

You have claws for feet.
You are surrounded by a mild repulsion field. (EV +2)
Your flesh is heat resistant. (rF+)
You are mostly covered in sharp spines.


Message History

Your plate armour prevents you from hitting the frost giant.
You claw the frost giant, but do no damage.
The frost giant is heavily wounded.
The centaur warrior shoots an arrow.
The arrow barely misses you.
The frost giant hits you with a +0 battleaxe of freezing!
* * * LOW HITPOINT WARNING * * *
The frost giant freezes you.
* * * LOW HITPOINT WARNING * * *
The yaktaur shoots a bolt.
The bolt hits you.
* * * LOW HITPOINT WARNING * * *
x2 You hit the frost giant.
You claw the frost giant.
The frost giant is severely wounded.
You barely miss the frost giant. You claw the frost giant!
The frost giant is severely wounded.
The centaur warrior shoots an arrow.
The arrow hits you but does no damage.
You slash the frost giant!
The frost giant is almost dead.
The frost giant casts a spell at you. The bolt of cold hits you!!!
You die...

.....................#
............####'#####
............#≈≈...≈≈#
............#≈..#..≈#
............#.#(#.#.#
............#.≈(≈.≈.#
............#[≈(..≈.#
............#c≈((.≈.#
#######.....#.##@##.#
#.....#.#.C.#.#
#.....#c#.>.# #
#....##.+...c #....#
###### ######


You could see a frost giant, a centaur warrior and a yaktaur.

Vanquished Creatures
  An ogre mage (D:13)
  A fire dragon (D:15)
  A hydra (D:13)
  3 two-headed ogres
  2 centaur warriors
  A tengu warrior (D:13)
  Nergalle (D:10)
  2 unseen horrors
  An orc knight (D:15)
  2 ugly things (IceCv)
  An orc sorcerer (D:15)
  3 cyclopes
  Psyche (D:11)
  Maggie (D:8)
  A gargoyle (D:13)
  A komodo dragon (shapeshifter) (D:13)
  A tengu conjurer (D:13)
  6 trolls
  5 yaks (D:12)
  Eustachio (D:6)
  3 wyverns
  Menkaure (D:6)
  A water moccasin (D:10)
  A sky beast (D:15)
  An eye of draining (D:12)
  Duvessa (D:6)
  3 black bears
  7 orc warriors
  9 ice beasts
  2 phantoms
  8 ogres
  13 centaurs
  11 bullfrogs
  3 gnoll sergeants
  Dowan (D:6)
  A wyvern skeleton (D:12)
  3 scorpions
  5 killer bees (D:10)
  6 wights
  2 howler monkeys
  2 centaur zombies
  3 gnoll shamans
  5 hounds
  3 quasits
  8 centaur skeletons
  5 orc priests
  4 bullfrog zombies
  3 jellies
  A bullfrog skeleton (D:6)
  Terence (D:2)
  6 iguanas
  14 orc wizards
  13 worker ants
  A killer bee zombie (D:10)
  A hound zombie (D:10)
  2 howler monkey zombies
  3 worker ant zombies
  25 gnolls
  A howler monkey skeleton (D:8)
  12 adders
  3 white imps
  3 ufetubi
  An ooze (D:3)
  2 adder skeletons
  5 worms
  2 dart slugs
  3 leopard geckos
  62 orcs
  4 bats
  4 giant cockroaches
  8 hobgoblins
  6 jackals
  6 quokkas
  A ball python (D:2)
  6 frilled lizards
  5 goblins
  A jackal zombie (D:6)
  10 kobolds
  A quokka skeleton (D:9)
  6 rats
370 creatures vanquished.

Vanquished Creatures (collateral kills)
  A manticore (D:12)
1 creature vanquished.

Grand Total: 371 creatures vanquished

Notes
Turn   | Place    | Note
-------+----------+-------------------------------------------
     0 | D:1      | nomophobia the Demonspawn Berserker began the quest for the
                  | Orb.
     0 | D:1      | Reached XP level 1. HP: 18/18 MP: 1/1
    77 | D:1      | Gained mutation: You have sharp toenails. [demonic
                  | ancestry]
    77 | D:1      | Reached XP level 2. HP: 15/24 MP: 2/2
   530 | D:1      | Reached ** piety under Trog
   747 | D:2      | Gained mutation: You have razor-sharp toenails. [demonic
                  | ancestry]
   747 | D:2      | Reached XP level 3. HP: 21/29 MP: 3/3
   849 | D:2      | Noticed Terence
   850 | D:2      | Found a glowing silver altar of Zin.
   858 | D:2      | Killed Terence
  1023 | D:2      | You fall into a shaft and drop 1 floor!
  1075 | D:3      | Gained mutation: You are surrounded by a mild repulsion
                  | field. (EV +2) [demonic ancestry]
  1075 | D:3      | Reached XP level 4. HP: 35/35 MP: 4/4
  1188 | D:3      | Found a shadowy altar of Dithmenos.
  1347 | D:3      | Found a snail-covered altar of Cheibriados.
  1746 | D:3      | Found a broken altar of Ashenzari.
  1746 | D:3      | Found a hide-covered altar of Uskayaw.
  2182 | D:2      | Reached XP level 5. HP: 42/42 MP: 5/5
  2534 | D:4      | Noticed a phantom
  2556 | D:4      | Killed a phantom
  2557 | D:4      | Gained mutation: You are partially covered in sharp spines.
                  | [demonic ancestry]
  2557 | D:4      | Reached XP level 6. HP: 15/48 MP: 6/6
  2990 | D:4      | Reached *** piety under Trog
  3230 | D:5      | Entered Level 5 of the Dungeon
  3470 | D:5      | Found a sparkling altar of Nemelex Xobeh.
  3561 | D:5      | Noticed an ice beast
  3568 | D:5      | Killed an ice beast
  3569 | D:5      | Reached skill level 5 in Axes
  3569 | D:5      | Reached XP level 7. HP: 55/55 MP: 7/7
  3586 | D:5      | Found an ancient bone altar of Kikubaaqudgha.
  3606 | D:5      | Found a stormy altar of Qazlal.
  3664 | D:5      | Reached skill level 5 in Armour
  3991 | D:5      | Found a staircase to the Ecumenical Temple.
  4230 | D:5      | Noticed a troll
  4236 | D:5      | Killed a troll
  4237 | D:5      | Reached skill level 5 in Fighting
  4237 | D:5      | Gained mutation: You are mostly covered in sharp spines.
                  | [demonic ancestry]
  4237 | D:5      | Reached XP level 8. HP: 24/62 MP: 8/8
  4880 | D:6      | Noticed Dowan
  4880 | D:6      | Noticed Duvessa
  4887 | D:6      | Noticed Menkaure
  4889 | D:6      | Killed Dowan
  4890 | D:6      | Killed Duvessa
  4899 | D:6      | Killed Menkaure
  5224 | D:6      | Reached **** piety under Trog
  5227 | D:6      | Noticed Eustachio
  5252 | D:6      | Killed Eustachio
  5262 | D:6      | Found a white marble altar of Elyvilon.
  5589 | D:7      | Gained mutation: Your flesh is heat resistant. (rF+)
                  | [demonic ancestry]
  5589 | D:7      | Reached XP level 9. HP: 69/69 MP: 9/9
  6344 | D:7      | Found a blossoming altar of Fedhas.
  6984 | D:8      | Identified the +1 scale mail "Uxoujit" {Str+7 SInv}
  6999 | D:8      | Noticed Maggie
  7005 | D:8      | Reached ***** piety under Trog
  7012 | D:8      | Killed Maggie
  7157 | D:8      | Reached XP level 10. HP: 79/79 MP: 10/10
  7361 | D:9      | Found a stormy altar of Qazlal.
  7369 | D:9      | Found Veg Siva's Antique Armour Shoppe.
  7449 | D:9      | Received a gift from Trog
  7696 | D:9      | Found an iron altar of Okawaru.
  7861 | D:9      | Found Okaumm's Weapon Boutique.
  7951 | D:9      | Found a glowing golden altar of the Shining One.
  8155 | D:10     | Entered Level 10 of the Dungeon
  8155 | D:10     | Found a staircase to the Lair.
  8258 | D:10     | Found Mina's General Store.
  8313 | D:10     | Noticed Nergalle
  8329 | D:10     | Killed Nergalle
  8334 | D:10     | Found a staircase to the Orcish Mines.
  8494 | D:10     | Killed an unseen horror
  8495 | D:10     | Reached skill level 10 in Axes
  8648 | D:10     | Reached skill level 10 in Armour
  8648 | D:10     | Received a gift from Trog
  8958 | D:11     | Reached XP level 11. HP: 21/86 MP: 11/11
  9235 | D:11     | Noticed Psyche
  9244 | D:11     | Killed Psyche
  9333 | D:11     | Noticed a two-headed ogre
  9342 | D:11     | Killed a two-headed ogre
  9352 | D:11     | Found Mor Iboupt's Weapon Emporium.
  9530 | D:11     | Identified a scroll of acquirement
  9530 | D:11     | Acquired 657 gold pieces
  9816 | D:12     | You fall into a shaft and drop 1 floor!
  9926 | D:13     | Found a frozen archway.
  9942 | IceCv    | Entered an ice cave
  9942 | IceCv    | Noticed a white ugly thing
  9952 | IceCv    | Killed a white ugly thing
  9958 | IceCv    | Found a transporter.
 10103 | IceCv    | Noticed a white ugly thing
 10111 | IceCv    | Killed a white ugly thing
 10112 | IceCv    | Found a transporter.
 10288 | D:13     | Noticed an ogre mage
 10289 | D:13     | Noticed a two-headed ogre
 10289 | D:13     | Noticed a two-headed ogre
 10299 | D:13     | Killed a two-headed ogre
 10300 | D:13     | Killed a two-headed ogre
 10303 | D:13     | Killed an ogre mage
 10304 | D:13     | Gained mutation: You have claws for feet. [demonic
                  | ancestry]
 10304 | D:13     | Reached XP level 12. HP: 96/96 MP: 12/12
 10311 | D:13     | Found a gate to the Vaults.
 10349 | D:13     | Noticed a centaur warrior
 10359 | D:13     | Killed a centaur warrior
 10590 | D:13     | Found Bublohaz's Assorted Antiques.
 10601 | D:13     | Noticed a tengu warrior
 10605 | D:13     | Noticed an eight-headed hydra
 10616 | D:13     | Killed a tengu warrior
 10616 | D:13     | Received a gift from Trog
 10621 | D:13     | Killed an 11-headed hydra
 11105 | D:14     | Found Wicischup's Book Shop.
 11151 | D:14     | Found Osimeuxt's Assorted Antiques.
 11159 | D:14     | Bought a scroll of identify for 62 gold pieces
 11262 | D:14     | Found Zudeheg's Armour Emporium.
 11364 | D:14     | Found Hiphaim's Jewellery Boutique.
 11468 | D:14     | Noticed a centaur warrior
 11472 | D:14     | Killed a centaur warrior
 11946 | D:15     | Entered Level 15 of the Dungeon
 12038 | D:15     | Reached skill level 10 in Fighting
 12260 | D:15     | Noticed a fire dragon
 12269 | D:15     | Killed a fire dragon
 12423 | D:15     | Found Guchaink's Gadget Emporium.
 12531 | D:15     | Noticed a centaur warrior
 12538 | D:15     | Found a staircase to the Depths.
 12538 | D:15     | Noticed a frost giant
 12547 | D:15     | Killed from afar by a frost giant

Illustrated notes

Levels and vault maps discovered:
D:1:      erik_arrival_orb_chamber, layout_rooms
D:2:      layout_rooms, zin_academy, uniq_terence
D:3:      layout_basic, kennysheep_slug_shrine, gammafunk_temple_overflow_wave,
          old_standard_altar
D:4:      layout_cave_pools, serial_rivers, chequers_serial_rivers_large_a,
          chequers_serial_rivers_small_a, chequers_serial_rivers_marsh,
          chequers_serial_rivers_marsh, cheibrodos_sewer_entry_bend
D:5:      layout_cave_pods, kennysheep_mini_moat, grunt_qazlal_sundering,
          lemuel_crystal_altar, minmay_temple_entry_nine_rooms,
          minmay_small_thing
D:6:      layout_cave_pools, lemuel_doored_altar, uniq_eustachio, uniq_menkaure,
          uniq_duvessa
D:7:      layout_loops_ring, overflow_temple_1_default
D:8:      layout_cave_pools, uniq_maggie
D:9:      layout_cave_pools, nicolae_tso_swordbearing_angel,
          okawaru_altar_gauntlet_db, serial_gnoll_camp, gnoll_camp_mini_hut,
          gnoll_camp_mini_shop, gnoll_camp_mini_hut, gnoll_camp_medium_02,
          basic_altar, serial_shops, nicolae_shop_stone, minmay_misc_feat_roman
D:10:     layout_loops_cross, lair_entry_dummy, david_orc_2, serial_shops,
          nicolae_shop_behind_doors, minmay_fractal_squares_diagonal_5,
          uniq_nergalle
D:11:     layout_rooms, serial_shops, shop, uniq_psyche
D:12:     layout_basic, kennysheep_generic_room_12
D:13:     layout_cave_pods, david_vaults_2, serial_shops, kennysheep_mini,
          portal_ice_cave_entry_pillars_2
D:14:     layout_small_grid, serial_shops, nicolae_shop_crystal,
          nicolae_shop_behind_doors, shop, shop, shop, chequers_mini_garden,
          enter_bailey_8
D:15:     grunt_enter_depths_snipers, layout_irregular_city, serial_shops, shop,
          shop, minmay_quadrilaterals

Skill      XL: |  1  2  3  4  5  6  7  8  9 10 11 12 |
---------------+-------------------------------------+-----
Armour         | 2 3 4 5 7 8 10 11 12 | 12.5
Axes           | 3 4 5 6 7 8 10 11 12 | 12.6
Fighting       | 4 5 6 7 8 9 10 | 10.2
Dodging        | |  1.7

Action                   |  1- 3 |  4- 6 |  7- 9 | 10-12 || total
-------------------------+-------+-------+-------+-------++-------
Melee: Hand axe          |    81 |   102 |   224 |   438 ||   845
       Kick              |    14 |    23 |    72 |    58 ||   167
Invok: Berserk           |     1 |     4 |     7 |    15 ||    27
       Brothers in Arms  |       |       |       |     1 ||     1
  Use: Scroll            |     1 |     7 |     7 |    12 ||    27
Armor: Scale mail        |    41 |    56 |    82 |       ||   179
       Plate armour      |       |       |    18 |   313 ||   331
       Chain mail        |       |       |     7 |       ||     7
       Skin              |       |       |       |    14 ||    14
Dodge: Dodged            |    57 |    72 |   121 |   203 ||   453
